 Dungeon Crawl Stone Soup version 0.29.0-10-g45618ea6d2 (webtiles) character file.

Game seed: 5775917172955147362

276 RevDB the Magician (level 6, -1/32 HPs)
             Began as a Deep Elf Fire Elementalist on Sept 1, 2022.
             Slain by howech's ghost (3 damage)
             ... on level 4 of the Dungeon.
             The game lasted 00:18:15 (3398 turns).

RevDB the Magician (Deep Elf Fire Elementalist)     Turns: 3398, Time: 00:18:16

Health: -1/32      AC:  4    Str:  5    XL:     6   Next: 4%
Magic:  15/26      EV: 12    Int: 22    God:
Gold:   332        SH:  0    Dex: 12    Spells: 7/17 levels left

rFire   + . .      SeeInvis +   u - +7 trident "Oxkiel" {pain, rF+ rC+ Will+ Dex-3}
rCold   + . .      Faith    .   (no shield)
rNeg    . . .      Spirit   .   a - +0 robe
rPois   .          Reflect  .   (no helmet)
rElec   .          Harm     .   m - +0 cloak
rCorr   .          Rampage  .   (no gloves)
Will    +....                   t - +0 pair of boots
Stlth   ++........              (no amulet)
HPRegen 0.10/turn               q - ring of see invisible
MPRegen 0.20/turn               v - ring of magical power

@: very slightly contaminated
A: no striking features
a: no special abilities


You were on level 4 of the Dungeon.
You visited 1 branch of the dungeon, and saw 5 of its levels.

You collected 332 gold pieces.

Inventory:

Hand Weapons
 e - a +0 dagger
 s - a +2 hand axe of electrocution
 u - the +7 trident "Oxkiel" (weapon) {pain, rF+ rC+ Will+ Dex-3}
   (You found it on level 3 of the Dungeon)

   In the hands of one skilled in necromantic magic, it inflicts extra damage on
   living creatures.
   Dex:       It affects your dexterity (-3).
   rF:        It protects you from fire.
   rC:        It protects you from cold.
   Will:      It increases your willpower.
Armour
 a - a +0 robe (worn)
 m - a +0 cloak (worn)
 t - a +0 pair of boots (worn)
 y - an orb of energy
Jewellery
 q - a ring of see invisible (left hand)
 v - a ring of magical power (right hand)
Wands
 r - a wand of mindburst (6)
Scrolls
 c - a scroll of magic mapping {unknown}
 d - 3 scrolls of fear {unknown}
 f - 2 scrolls of enchant weapon {unknown}
 g - 4 scrolls of teleportation {unknown}
 h - 2 scrolls of noise {unknown}
 i - a scroll of torment {unknown}
 j - a scroll of immolation {unknown}
 k - a scroll of summoning {unknown}
 n - 2 scrolls of identify {unknown}
 o - a scroll of amnesia {unknown}
 w - a scroll of poison {unknown}
 z - a scroll of acquirement {unknown}
 A - a scroll of vulnerability {unknown}
 D - a scroll of butterflies {unknown}
Potions
 b - a potion of magic
 l - 2 potions of degeneration {unknown}
 p - a potion of brilliance {unknown}
 x - 2 potions of berserk rage {unknown}
 B - a potion of haste {unknown}
 C - a potion of curing {unknown}


   Skills:
 - Level 3.0 Dodging
 - Level 2.4 Stealth
 - Level 6.0 Spellcasting
 - Level 4.0 Conjurations
 - Level 4.0 Fire Magic
 + Level 1.1 Evocations


You had 7 spell levels left.
You knew the following spells:

 Your Spells              Type           Power      Damage    Failure   Level
a - Foxfire               Conj/Fire      96%        2x1d8     1%          1
b - Scorch                Fire           48%        2d7       2%          2
c - Conjure Flame         Conj/Fire      24%        6-21      5%          3
d - Flame Wave            Conj/Fire      24%        2d8       17%         4

Your spell library contained the following spells:

 Spells                   Type           Power      Damage    Failure   Level
 Inner Flame              Hex/Fire       15%        N/A       12%         3
 Ensorcelled Hibernation  Hex/Ice        12%        N/A       14%         2
 Passwall                 Tmut/Erth      5%         N/A       14%         2
 Ozocubu's Armour         Ice            6%         N/A       26%         3
 Swiftness                Air            6%         N/A       26%         3
 Metabolic Englaciation   Hex/Ice        3%         N/A       94%         5
 Simulacrum               Ice/Necr       3%         N/A       100%        6


Dungeon Overview and Level Annotations

Branches:
Dungeon (5/15)
 Temple: D:4-7

Altars:
Ashenzari
Gozag
Zin

Annotations:
D:4 howech's ghost, amateur MeFi


Message History

The floor.
Targeting interrupted by HUP signal.
Level annotation: 1 runed translucent door, howech's ghost, amateur MeFi Welcome back, RevDB the Deep Elf Fire Elementalist.
Press ? for a list of commands and other information.
You open the door.
Cast which spell? (? or * to list) Flames lash howech's ghost.
Howech's ghost is lightly damaged.
Howech's ghost's fire resistance burns away.
Howech's ghost barely misses you.
Casting: Scorch (safe; 2% risk of failure)
Confirm with . or Enter, or press ? or * to list all spells.
Flames lash howech's ghost.
Howech's ghost is burned terribly!
Howech's ghost is moderately damaged.
Howech's ghost says very slowly, "There's no hope."
Howech's ghost hits you.
Casting: Scorch (safe; 2% risk of failure)
Confirm with . or Enter, or press ? or * to list all spells.
Flames lash howech's ghost.
Howech's ghost is burned terribly!
Howech's ghost is severely damaged.
Howech's ghost closely misses you.
Casting: Scorch (safe; 2% risk of failure)
Confirm with . or Enter, or press ? or * to list all spells.
You miscast Scorch.
You are very lightly contaminated with residual magic.
Nothing appears to happen.
Howech's ghost hits you!
Unknown command.
Casting: Scorch (safe; 2% risk of failure)
Confirm with . or Enter, or press ? or * to list all spells.
Flames lash howech's ghost.
Howech's ghost is burned terribly!
Howech's ghost is almost destroyed.
Howech's ghost hits you!
* * * LOW HITPOINT WARNING * * *
Casting: Scorch (safe; 2% risk of failure)
Confirm with . or Enter, or press ? or * to list all spells.
Flames lash howech's ghost.
Howech's ghost is burned terribly!
Howech's ghost is almost destroyed.
Howech's ghost hits you.
You die...

#.......# #....#
#.......### #....#
#.........# #....#
#......##.# ######
#......##.###
#......##...#
#......############
#......#...#.P#...#
########..@W)8#...#
### #...#.P#...#
..#
#...####)..######
#.#
#...............#
###.#
#...............#
....#
##########.)....#
.<..# #......#
....# #....).###
....# ##.......#


You could see howech's ghost (combustible).

Vanquished Creatures
  A necrophage (D:4)
  A hound (D:4)
  Jessica (D:2)
  An iguana (D:5)
  4 adders
  2 worms (D:3)
  3 dart slugs
  5 orcs (D:3)
  6 bats
  5 endoplasms
  3 giant cockroaches
  8 goblins
  11 hobgoblins
  2 jackals (D:1)
  6 kobolds
  4 quokkas
  5 ball pythons
  2 frilled lizards
  7 rats
77 creatures vanquished.

Vanquished Creatures (collateral kills)
  A foxfire (D:1)
1 creature vanquished.

Vanquished Creatures (others)
  144 foxfires
  2 withered plants (D:1)
146 creatures vanquished.

Grand Total: 224 creatures vanquished

Notes
Turn   | Place    | Note
-------+----------+-------------------------------------------
     0 | D:1      | RevDB the Deep Elf Fire Elementalist began the quest for
                  | the Orb.
     0 | D:1      | Reached XP level 1. HP: 10/10 MP: 6/6
   136 | D:1      | Reached XP level 2. HP: 15/15 MP: 1/8
   139 | D:1      | Learned a level 2 spell: Scorch
   293 | D:1      | Found a faded altar of an unknown god.
   861 | D:1      | Reached XP level 3. HP: 19/19 MP: 5/10
   992 | D:2      | Noticed Jessica
  1000 | D:2      | Killed Jessica
  1001 | D:2      | Reached XP level 4. HP: 13/24 MP: 5/11
  1038 | D:2      | Learned a level 3 spell: Conjure Flame
  1043 | D:2      | Learned a level 4 spell: Flame Wave
  1065 | D:2      | Reached skill level 4 in Spellcasting
  1500 | D:3      | Found a glowing silver altar of Zin.
  1716 | D:3      | Found an opulent altar of Gozag.
  1725 | D:3      | Identified the +7 trident "Oxkiel" {pain, rF+ rC+ Will+
                  | Dex-3}
  2431 | D:3      | Found a broken altar of Ashenzari.
  2452 | D:3      | Reached XP level 5. HP: 28/28 MP: 13/13
  2853 | D:4      | Reached skill level 5 in Spellcasting
  3132 | D:4      | You fall into a shaft and drop 1 floor!
  3132 | D:5      | Entered Level 5 of the Dungeon
  3143 | D:5      | Reached skill level 6 in Spellcasting
  3143 | D:5      | Reached skill level 1 in Evocations
  3143 | D:5      | Reached XP level 6. HP: 32/32 MP: 17/17
  3388 | D:4      | Found a runed translucent door.
  3388 | D:4      | Noticed howech's ghost (amateur MeFi)
  3398 | D:4      | Slain by howech's ghost

Illustrated notes

Levels and vault maps discovered:
D:1:      dpeg_arrival_arbitrary_b, layout_loops_ring,
          ebering_ecumenical_altar_petrified
D:2:      layout_rooms, serial_corexii_hall, corexii_hall_statues_s,
          chequers_hall_statues_corner_a, chequers_hall_statues_corner_a,
          chequers_hall_statues_wall_a, dk_noncrumbling_4, minmay_liquid_box,
          st_stairs_7, uniq_jessica
D:3:      layout_loops_corners, lemuel_coloured_pillars_altar,
          mainiacjoe_overflow_catwalk_spiral, minmay_vboxes
D:4:      layout_basic, gammafunk_ghost_grave
D:5:      layout_rooms

Skill      XL: |  1  2  3  4  5 |
---------------+----------------+-----
Conjurations   | 2 3 4 |  4.0
Spellcasting   | 4 6 |  6.0
Fire Magic     | 4 |  4.0
Dodging        | 3 |  3.0
Evocations     | 1 |  1.1
Stealth        | |  2.4

Action                   |  1- 3 |  4- 6 || total
-------------------------+-------+-------++-------
Melee: Unarmed           |     2 |       ||     2
       Dagger            |    23 |     1 ||    24
       Trident           |       |    37 ||    37
       Hand axe          |       |     3 ||     3
 Cast: Foxfire           |    38 |    51 ||    89
       Scorch            |     1 |    11 ||    12
 Stab: Sleeping          |       |     4 ||     4
Armor: Robe              |     5 |     8 ||    13
Dodge: Dodged            |    14 |    38 ||    52
